 Dungeon Crawl Stone Soup version 0.28-b1-25-g9875b3fc8c (webtiles) character file.

Game seed: 13063553861992752179

29773 crazypyro the Cleaver (level 13, -5/119 HPs)
             Began as a Minotaur Fighter on Jan 31, 2022.
             Was an Elder of Makhleb.
             Slain by a komodo dragon (13 damage)
             ... on level 4 of the Lair of Beasts.
             The game lasted 00:25:54 (12671 turns).

crazypyro the Cleaver (Minotaur Fighter)           Turns: 12671, Time: 00:25:55

Health: -5/119     AC: 14    Str: 29      XL:     13   Next: 17%
Magic:  17/17      EV: 11    Int:  1 (2)  God:    Makhleb [****..]
Gold:   1625       SH:  6    Dex: 10      Spells: 12/12 levels left

rFire   . . .      SeeInvis .   a - +1 war axe
rCold   + + .      Faith    .   c - +0 buckler
rNeg    + + .      Spirit   .   b - +0 scale mail
rPois   +          Reflect  .   O - +2 hat
rElec   .          Harm     .   C - +0 cloak
rCorr   +          Rampage  .   (no gloves)
Will    .....                   x - +0 pair of boots
Stlth   ..........              t - amulet of Xom's Recklessness {+Blink rC++ rN+ Regen+ Int-3}
HPRegen 1.09/turn               n - ring of poison resistance
MPRegen 0.15/turn               D - ring "Doal" {rN+ rCorr Str+3}

@: mighty, studying Maces & Flails, unable to read
A: horns 2, retaliatory headbutt, hooves 2, deterioration 1, inability to read
while threatened
a: Renounce Religion, Evoke Blink, Minor Destruction, Lesser Servant of Makhleb,
Major Destruction


You were on level 4 of the Lair of Beasts.
You worshipped Makhleb.
Makhleb was greatly pleased with you.
You visited 2 branches of the dungeon, and saw 15 of its levels.

You collected 1625 gold pieces.

Inventory:

Hand Weapons
 a - a +1 war axe (weapon)
 m - a +3 great mace
 z - the +6 dagger of Qadupn {drain, rN+ Str+3}
   (You found it on level 7 of the Dungeon)

   A truly terrible weapon, it drains the life of any living foe it strikes.
   Str:       It affects your strength (+3).
   rN:        It protects you from negative energy.
 E - the +9 rapier "Ewuirhuapn" {vamp, rCorr Int+3 Dex-3}
   (You found it on level 10 of the Dungeon)

   It occasionally heals its wielder for a portion of the damage dealt when it
   wounds a living foe.
   Int:       It affects your intelligence (+3).
   Dex:       It affects your dexterity (-3).
   rCorr:     It protects you from acid and corrosion.
 G - a +0 war axe
 P - the +7 trident of Nice Subterfuge {freeze, Dex+3}
   (You found it on level 2 of the Lair of Beasts)

   It freezes those it strikes, dealing additional cold damage.
   It can also slow down cold-blooded creatures.
   Dex:       It affects your dexterity (+3).
Armour
 b - a +0 scale mail (worn)
 c - a +0 buckler (worn)
 x - a +0 pair of boots (worn)
 C - a +0 cloak (worn)
 H - a +1 chain mail of cold resistance
 O - a +2 hat (worn)
Jewellery
 n - a ring of poison resistance (left hand)
 t - the amulet of Xom's Recklessness (around neck) {+Blink rC++ rN+ Regen+ Int-3}
   (You acquired it on level 6 of the Dungeon)

   [amulet of regeneration]

   Int:       It affects your intelligence (-3).
   rC:        It greatly protects you from cold.
   rN:        It protects you from negative energy.
   +Blink:    It lets you blink.
   Regen:     It increases your rate of health regeneration.
 y - an amulet of faith
 B - a ring of see invisible
 D - the ring "Doal" (right hand) {rN+ rCorr Str+3}
   (You acquired it on level 8 of the Dungeon)

   [ring of resist corrosion]

   Str:       It affects your strength (+3).
   rN:        It protects you from negative energy.
   rCorr:     It protects you from acid and corrosion.
 F - the amulet "Mati" {Spirit Fly rC+ Dex-3 SInv}
   (You found it on level 9 of the Dungeon)

   [amulet of guardian spirit]

   It causes incoming damage to be divided between your reserves of health and
   magic.
   Dex:       It affects your dexterity (-3).
   rC:        It protects you from cold.
   SInv:      It lets you see invisible.
   Fly:       It grants you flight.
Wands
 h - a wand of charming (10)
 i - a wand of acid (25)
 j - a wand of flame (23)
 o - a wand of iceblast (18)
 s - a wand of mindburst (30)
 M - a wand of polymorph (8)
Scrolls
 f - 2 scrolls of teleportation {unknown}
 g - 5 scrolls of amnesia
 k - 3 scrolls of blinking
 l - 2 scrolls of identify
 p - 3 scrolls of holy word
 J - 3 scrolls of magic mapping
 L - a scroll of fear
 Q - a scroll of fog {unknown}
Potions
 d - a potion of might
 e - 3 potions of haste {unknown}
 q - 4 potions of berserk rage {unknown}
 r - 9 potions of curing
 u - a potion of brilliance {unknown}
 v - a potion of heal wounds {unknown}
 w - a potion of invisibility {unknown}
 A - 2 potions of lignification {unknown}
 I - a potion of flight {unknown}
 K - 2 potions of attraction {unknown}
 N - 2 potions of resistance {unknown}


   Skills:
 + Level 12.3 Fighting
 * Level 14.5 Axes
 + Level 12.3 Armour
 - Level 5.0 Dodging
 + Level 12.3 Shields
 + Level 7.5 Invocations


You had 12 spell levels left.
You didn't know any spells.
Your spell library contained the following spells:

 Spells                   Type           Power      Damage    Failure   Level
 Beastly Appendage        Tmut           0%         N/A       83%         1
 Blink                    Tloc           0%         N/A       92%         2
 Corpse Rot               Necr/Air       0%         N/A       92%         2
 Poisonous Vapours        Pois/Air       0%         N/A       92%         2
 Lesser Beckoning         Tloc           0%         N/A       99%         3
 Passage of Golubria      Tloc           0%         N/A       100%        4
 Alistair's Intoxication  Tmut/Pois      0%         N/A       100%        5
 Borgnjor's Vile Clutch   Necr/Erth      0%         N/A       100%        5
 Manifold Assault         Tloc           0%         N/A       100%        5
 Silence                  Hex/Air        0%         N/A       100%        5
 Eringya's Noxious Bog    Tmut/Pois      0%         N/A       100%        6
 Lehudib's Crystal Spear  Conj/Erth      0%         10d2      100%        8


Dungeon Overview and Level Annotations

Branches:
Dungeon (11/15)            Temple (0/1) D:4            Lair (4/6) D:10
 Shoals (0/4) Lair:2       Spider (0/4) Lair:3
    Orc: D:9-12

Altars:
Ashenzari
Cheibriados
Fedhas
Gozag
Makhleb
Sif Muna
Uskayaw
Wu Jian
Xom
Yredelemnul
Zin

Shops:
D:2 (   D:3 :


Innate Abilities, Weirdness & Mutations

You have a pair of horns on your head.
You reflexively headbutt those who attack you in melee.
You have hoof-like feet.
Your body sometimes deteriorates upon taking damage.
You sometimes lose the ability to read scrolls when taking damage.


Message History

Your body deteriorates!
You feel dopey. You block the death yak's attack.
The water moccasin closely misses you.
Okay, then.
You slash the death yak! Your headbutt misses the death yak.
The death yak is almost dead.
You closely miss the water moccasin. You barely miss the cane toad.
You block the cane toad's attack.
The water moccasin bites you but does no damage.
The death yak closely misses you.
You slash the death yak!
You kill the death yak!
Makhleb accepts your kill.
You feel better.
You slash the water moccasin! You hit the cane toad.
The water moccasin bites you but does no damage.
The cane toad stings you!
* * * LOW HITPOINT WARNING * * *
The blink frog blinks!
You barely miss the komodo dragon. You hit the cane toad.
You closely miss the water moccasin. The komodo dragon bites you!
* * * LOW HITPOINT WARNING * * *
The water moccasin barely misses you.
The blink frog blinks!
The cane toad closely misses you.
You hit the komodo dragon. You headbutt the komodo dragon!!
The komodo dragon is heavily wounded.
You closely miss the water moccasin. You slice the cane toad!!
You kill the cane toad!
Makhleb accepts your kill.
You feel better. The water moccasin closely misses you.
You furiously retaliate!
You headbutt the water moccasin!
You kill the water moccasin!
Makhleb accepts your kill.
You feel better. The komodo dragon bites you!
* * * LOW HITPOINT WARNING * * *
The blink frog blinks!
You slice the komodo dragon!!
You kill the komodo dragon!
Makhleb accepts your kill.
You feel better.
You slash the blink frog! You slash the komodo dragon!
The komodo dragon bites you!
You die...

... ## ### .......
##.####@##### .......
#....Y†FlF..# ........
.....FFYF.§## .........
...........$###.........
.............#..........
......§......†..........
.......§F...............
................##.......
................####.....


You could see a komodo dragon, 2 yaks, 5 blink frogs and a bullfrog.

Vanquished Creatures
  Gastronok (Lair:2)
  A hydra (Lair:3)
  Erica (Lair:2)
  7 death yaks
  A manticore (Lair:2)
  An ugly thing (D:10)
  Joseph (D:7)
  2 black mambas
  9 cane toads
  Psyche (D:8)
  3 komodo dragons
  A rime drake (Lair:3)
  A troll (D:10)
  A hornet (D:8)
  2 polar bears (Lair:3)
  6 blink frogs
  A meliai zombie (D:7)
  5 culicivoras (Lair:3)
  A spriggan (Lair:2)
  A shadow (D:10)
  16 yaks
  4 fire bats (Lair:2)
  A fire elemental (Lair:2)
  6 wyverns
  A steam dragon (D:8)
  Grum (D:8)
  Menkaure (D:7)
  7 water moccasins
  4 orc warriors
  An ice beast (D:8)
  4 black bears
  A necrophage (D:4)
  2 ogres
  3 centaurs
  9 wolves
  2 phantoms
  3 kobold brigands
  12 bullfrogs
  5 scorpions
  17 killer bees
  3 water moccasin skeletons
  8 wights
  5 howler monkeys
  4 bullfrog zombies
  5 hounds
  A centaur zombie (D:8)
  2 jellies
  Crazy Yiuf (D:7)
  3 orc priests
  An iron imp (D:6)
  4 bullfrog skeletons
  Jessica (D:2)
  2 iguanas (D:6)
  10 orc wizards
  11 adders
  3 white imps
  An ufetubus (D:6)
  4 worms
  The ghost of cbfl8 the Sneak, a weakling MiDe (D:5)
  7 dart slugs
  26 orcs
  7 endoplasms
  4 giant cockroaches
  4 goblins
  9 hobgoblins
  6 jackals
  5 quokkas
  10 ball pythons
  3 bats
  7 frilled lizards
  19 kobolds
  5 rats
329 creatures vanquished.

Vanquished Creatures (collateral kills)
  A hydra (Lair:1)
  A death yak (Lair:3)
  Urug (Lair:2)
  Sonja (Lair:1)
  A black mamba (Lair:1)
  A wind drake (Lair:2)
  A blink frog (Lair:1)
  3 yaks (Lair:2)
  2 basilisks
  A water moccasin (Lair:2)
  2 bullfrogs (Lair:3)
15 creatures vanquished.

Vanquished Creatures (others)
  Maurice (D:8)
  16 fungi
  30 plants
47 creatures vanquished.

Grand Total: 391 creatures vanquished

Notes
Turn   | Place    | Note
-------+----------+-------------------------------------------
     0 | D:1      | crazypyro the Minotaur Fighter began the quest for the Orb.
     0 | D:1      | Reached XP level 1. HP: 19/19 MP: 0/0
   110 | D:1      | Reached skill level 3 in Axes
   110 | D:1      | Reached XP level 2. HP: 22/27 MP: 1/1
   277 | D:1      | Found a faded altar of an unknown god.
   281 | D:1      | Got Plato's Collected Works on Changing
   443 | D:1      | Reached skill level 4 in Axes
   652 | D:1      | Reached XP level 3. HP: 33/33 MP: 2/2
   998 | D:2      | Noticed Jessica
  1002 | D:2      | Killed Jessica
  1003 | D:2      | Reached skill level 5 in Axes
  1003 | D:2      | Reached XP level 4. HP: 34/40 MP: 3/3
  1389 | D:2      | Found Iplom's Antique Weapon Boutique.
  1781 | D:3      | Noticed a phantom
  1784 | D:3      | Reached skill level 6 in Axes
  1793 | D:3      | Killed a phantom
  1794 | D:3      | Reached XP level 5. HP: 25/46 MP: 4/4
  1968 | D:3      | Reached skill level 7 in Axes
  2188 | D:3      | Found a basalt altar of Yredelemnul.
  2275 | D:3      | Reached skill level 1 in Dodging
  2299 | D:3      | Found Xosching's Book Shop.
  2358 | D:3      | Found a burning altar of Makhleb.
  2369 | D:3      | Became a worshipper of Makhleb the Destroyer
  2453 | D:3      | Reached XP level 6. HP: 47/52 MP: 5/5
  2509 | D:3      | You fall into a shaft and drop 2 floors!
  2509 | D:5      | Entered Level 5 of the Dungeon
  2540 | D:5      | Found a runed translucent gate.
  2540 | D:5      | Found a runed translucent gate.
  2540 | D:5      | Noticed cbfl8's ghost (weakling MiDe)
  2541 | D:5      | Found a runed translucent gate.
  2657 | D:4      | Reached skill level 8 in Axes
  3121 | D:4      | Reached * piety under Makhleb
  3204 | D:4      | Reached XP level 7. HP: 58/58 MP: 6/6
  3368 | D:4      | Reached skill level 9 in Axes
  3448 | D:4      | Found a staircase to the Ecumenical Temple.
  3705 | D:4      | Gained mutation: You expend magic power (3 MP) to
                  | strengthen your wands. [potion of mutation]
  3706 | D:4      | Lost mutation: You expend magic power (3 MP) to strengthen
                  | your wands. [potion of mutation]
  3706 | D:4      | Gained mutation: You have large cloven feet. [potion of
                  | mutation]
  3706 | D:4      | Gained mutation: You are strong-willed. (Will+) [potion of
                  | mutation]
  3706 | D:4      | Gained mutation: You sometimes lose the ability to read
                  | scrolls when taking damage. [potion of mutation]
  3706 | D:4      | Gained mutation: You possess an exceptional clarity of
                  | mind. [potion of mutation]
  4085 | D:5      | Reached skill level 10 in Axes
  4242 | D:5      | Reached XP level 8. HP: 49/66 MP: 7/7
  4406 | D:5      | Identified a scroll of acquirement
  4406 | D:5      | Acquired 728 gold pieces
  4484 | D:5      | Found a glowing silver altar of Zin.
  4733 | D:5      | Killed cbfl8's ghost
  4776 | D:6      | Found a snail-covered altar of Cheibriados.
  4818 | D:6      | Reached skill level 5 in Dodging
  4849 | D:6      | Found a shimmering altar of Xom.
  4870 | D:6      | Acquired the amulet of Xom's Recklessness {+Blink rC++ rN+
                  | Regen+ Int-3}
  5090 | D:6      | Reached skill level 11 in Axes
  5161 | D:6      | Reached ** piety under Makhleb
  5460 | D:6      | Lost mutation: You possess an exceptional clarity of mind.
                  | [potion of mutation]
  5460 | D:6      | Lost mutation: You are strong-willed. (Will+) [potion of
                  | mutation]
  5460 | D:6      | Gained mutation: Your body sometimes deteriorates upon
                  | taking damage. [potion of mutation]
  5460 | D:6      | Gained mutation: You have hoof-like feet. [potion of
                  | mutation]
  5597 | D:6      | Reached XP level 9. HP: 73/73 MP: 8/8
  5764 | D:6      | Reached skill level 5 in Armour
  5767 | D:6      | Reached skill level 5 in Fighting
  5767 | D:6      | Reached skill level 5 in Shields
  5948 | D:7      | Noticed Menkaure
  5951 | D:7      | Killed Menkaure
  5952 | D:7      | Reached skill level 12 in Axes
  6012 | D:7      | Noticed Joseph
  6031 | D:7      | Killed Joseph
  6074 | D:7      | Identified the +6 dagger of Qadupn {drain, rN+ Str+3}
  6224 | D:7      | Found a runed translucent door.
  6225 | D:7      | Noticed Crazy Yiuf
  6348 | D:7      | Found an opulent altar of Gozag.
  6475 | D:7      | Killed Crazy Yiuf
  6501 | D:8      | Noticed Grum
  6551 | D:8      | Killed Grum
  6566 | D:8      | Reached skill level 13 in Axes
  6621 | D:8      | Found a hide-covered altar of Uskayaw.
  6658 | D:8      | Found an ornate altar of the Wu Jian Council.
  6667 | D:8      | Reached XP level 10. HP: 75/84 MP: 9/9
  6714 | D:8      | Acquired the ring "Doal" {rN+ rCorr Str+3}
  6720 | D:8      | Noticed Maurice
  6750 | D:8      | Killed Maurice
  6840 | D:8      | Reached *** piety under Makhleb
  6952 | D:8      | Noticed Psyche
  6959 | D:8      | Killed Psyche
  7064 | D:8      | Reached skill level 14 in Axes
  7404 | D:8      | Found a shimmering blue altar of Sif Muna.
  7593 | D:9      | Identified the amulet "Mati" {Spirit Fly rC+ Dex-3 SInv}
  8115 | D:9      | Reached **** piety under Makhleb
  8141 | D:9      | Found a broken altar of Ashenzari.
  8299 | D:10     | Entered Level 10 of the Dungeon
  8301 | D:10     | Acquired a manual of Maces & Flails
  8370 | D:10     | Noticed a cyan ugly thing
  8371 | D:10     | Found a blossoming altar of Fedhas.
  8532 | D:10     | Reached skill level 1 in Invocations
  8542 | D:10     | Reached XP level 11. HP: 81/95 MP: 10/10
  8592 | D:10     | Identified the +9 rapier "Ewuirhuapn" {vamp, rCorr Int+3
                  | Dex-3}
  8797 | D:10     | Killed a cyan ugly thing
  8937 | D:10     | Found a staircase to the Lair.
  9095 | D:11     | Noticed a boulder beetle
  9097 | D:11     | Noticed a deep elf pyromancer
  9099 | D:11     | Noticed a purple ugly thing
  9214 | Lair:1   | Entered Level 1 of the Lair of Beasts
  9374 | Lair:1   | Noticed Sonja
  9385 | Lair:1   | Killed Sonja
  9580 | Lair:1   | Noticed a four-headed hydra
  9587 | Lair:1   | Killed a six-headed hydra
  9600 | Lair:1   | Reached skill level 10 in Armour
 10300 | Lair:2   | Noticed Urug
 10307 | Lair:2   | Reached skill level 10 in Fighting
 10307 | Lair:2   | Reached skill level 10 in Shields
 10310 | Lair:2   | Killed Urug
 10352 | Lair:2   | Found a staircase to the Shoals.
 10461 | Lair:2   | You fall into a shaft and drop 1 floor!
 10469 | Lair:3   | Reached skill level 5 in Invocations
 10470 | Lair:3   | Reached XP level 12. HP: 92/107 MP: 14/14
 10704 | Lair:3   | Noticed an eight-headed hydra
 10726 | Lair:3   | Killed a nine-headed hydra
 10956 | Lair:3   | Found a hole to the Spider Nest.
 11038 | Lair:3   | Noticed a death yak
 11038 | Lair:3   | Noticed a death yak
 11038 | Lair:3   | Noticed a death yak
 11053 | Lair:3   | Noticed a death yak
 11061 | Lair:3   | Killed a death yak
 11067 | Lair:3   | Killed a death yak
 11071 | Lair:3   | Killed a death yak
 11073 | Lair:3   | Killed a death yak
 11445 | Lair:2   | Noticed Gastronok
 11468 | Lair:2   | Killed Gastronok
 11535 | Lair:2   | Found an ornate altar of the Wu Jian Council.
 11546 | Lair:2   | Noticed Erica
 11562 | Lair:2   | Killed Erica
 11826 | Lair:2   | Identified the +7 trident of Nice Subterfuge {freeze,
                  | Dex+3}
 12533 | Lair:4   | Noticed a death yak
 12533 | Lair:4   | Noticed a death yak
 12533 | Lair:4   | Noticed a death yak
 12543 | Lair:4   | Killed a death yak
 12543 | Lair:4   | Killed a death yak
 12545 | Lair:4   | Killed a death yak
 12546 | Lair:4   | Reached XP level 13. HP: 71/118 MP: 17/17
 12670 | Lair:4   | HP: 3/119 [komodo dragon (15)]
 12671 | Lair:4   | Slain by a komodo dragon

Illustrated notes

Levels and vault maps discovered:
D:1:      giann_bridges, layout_loops_ring, shapermc_ecumenical_altar_rom_forum,
          minmay_shallow_snake_nest
D:2:      layout_loops_ring, serial_shops, shop, minmay_domino_2, uniq_jessica
D:3:      layout_loops_corners, marbit_many_paths, bloody_makhleb, serial_shops,
          shop
D:4:      layout_gridville, minmay_temple_entry_poolview,
          amcnicky_mini_rare_corridor_liquid, kennysheep_generic_room_13
D:5:      layout_cave_pools, lemuel_crystal_altar, ebering_ghost_rock_garden,
          nicolae_underground_beach
D:6:      minmay_chambers_of_threes, layout_basic, slow_altar_1,
          mainiacjoe_overflow_cross_hatched, serial_rivers,
          chequers_serial_rivers_micro_c, chequers_serial_rivers_micro_e,
          chequers_serial_rivers_room_b, chequers_serial_rivers_large_b,
          chequers_serial_rivers_room_a, chequers_serial_rivers_micro_e,
          kennysheep_generic_room_8
D:7:      layout_rooms, grunt_gozag_breadcrumbs, uniq_joseph, uniq_menkaure,
          uniq_crazy_yiuf_cottage
D:8:      layout_loops_ring, mainiacjoe_overflow_small_starburst,
          nicolae_overflow_hidden_temple, kennysheep_orc_sif_temple, uniq_grum,
          uniq_psyche, uniq_maurice
D:9:      layout_long_grid, mainiacjoe_overflow_surrounded_room,
          kennysheep_pointless_box
D:10:     layout_roguey, mainiacjoe_overflow_concentric_impassable,
          grunt_lair_entry_orc_guard_hut, serial_bayou_crossing
D:11:     layout_loops_ring, zin_academy
Lair:1:   layout_layer_cave, minmay_stone_trees_medium, grunt_megastairs_4,
          lemuel_fruit_tree, uniq_sonja
Lair:2:   layout_gridlike, minmay_shoals_entry_beasts, basic_altar,
          wad_woods_03, uniq_gastronok, uniq_erica, uniq_urug
Lair:3:   layout_hall_layers, hellmonk_spider_entry_life_and_decay,
          grunt_megastairs_5, infiniplex_staircase_pool, serial_bayou_shore_b
Lair:4:   beast_lair_carwin_large_3, layout_cave_pods, basic_altar

Skill      XL: |  1  2  3  4  5  6  7  8  9 10 11 12 |
---------------+-------------------------------------+-----
Axes           | 3 4 5 6 7 8 10 11 13 14 | 14.5
Dodging        | 1 2 4 5 |  5.0
Fighting       | 4 6 8 10 12 | 12.3
Armour         | 4 6 8 10 12 | 12.3
Shields        | 4 6 8 10 12 | 12.3
Invocations    | 1 5 7 |  7.5

Action                   |  1- 3 |  4- 6 |  7- 9 | 10-12 | 13-15 || total
-------------------------+-------+-------+-------+-------+-------++-------
Melee: War axe           |    75 |   138 |   268 |   546 |    45 ||  1072
       Headbutt          |     6 |    14 |    40 |   120 |    11 ||   191
       Kick              |       |       |    43 |       |       ||    43
Invok: Lesser Servant of |       |       |       |    10 |       ||    10
       Minor Destruction |       |       |       |     1 |       ||     1
       Major Destruction |       |       |       |     2 |       ||     2
  Use: Scroll            |       |       |    11 |     5 |       ||    16
       Potion            |       |       |     3 |     4 |     1 ||     8
Armor: Scale mail        |    34 |    46 |    78 |   240 |    23 ||   421
Dodge: Dodged            |    34 |    52 |   114 |   243 |    30 ||   473
Block: Buckler           |    19 |    18 |    55 |   104 |    19 ||   215
